 Dungeon Sprint DCSS version 0.28-a0-925-gd5e1996cdb (webtiles) character file.

Game seed: 6038513733932001263

4138 mhtbhm the Basher (level 10, -1/71 HPs)
             Began as a Gargoyle Fighter on Nov 26, 2021.
             Was an Initiate of Gozag.
             Slain by a black mamba (4 damage)
             ... in the Dungeon (Sprint IX: "|||||||||||||||||||||||||||||").
             The game lasted 00:02:21 (1094 turns).

mhtbhm the Basher (Gargoyle Fighter)                Turns: 1094, Time: 00:02:23

Health: -1/71      AC: 22    Str: 24    XL:     10   Next: 27%
Magic:  10/10      EV: 12    Int:  8    God:    Gozag
Gold:   1526       SH:  7    Dex: 15    Spells: 9/9 levels left

rFire   . . .      SeeInvis .   a - +0 morningstar
rCold   . . .      Faith    .   c - +0 buckler
rNeg    + . .      Spirit   .   b - +1 scale mail
rPois   ∞          Reflect  .   n - +0 helmet
rElec   +          Harm     .   (no cloak)
rCorr   .          Rampage  .   m - +0 pair of gloves
Will    .....      NoTele   +   (no boots)
Stlth   ++........              (no amulet)
HPRegen 0.21/turn               e - +6 ring of dexterity
MPRegen 0.12/turn               o - +2 ring of protection

@: no status effects
A: sickness immunity, AC +7, negative energy resistance 1, electricity
resistance, torment resistance 1, petrification resistance
a: Renounce Religion, Potion Petition, Call Merchant, Bribe Branch


You were in the Dungeon.
You worshipped Gozag.
Gozag was most pleased with you.
You visited 1 branch You collected 1526 gold pieces.

Inventory:

Hand Weapons
 a - a +0 morningstar (weapon)
Armour
 b - a +1 scale mail (worn)
 c - a +0 buckler (worn)
 m - a +0 pair of gloves (worn)
 n - a +0 helmet (worn)
Jewellery
 e - a +6 ring of dexterity (left hand)
 o - a +2 ring of protection (right hand)
Wands
 l - a wand of acid (4)
Scrolls
 j - 2 scrolls of blinking
 k - 2 scrolls of amnesia
 p - 2 scrolls of fear
 r - 2 scrolls of enchant weapon
 s - 4 scrolls of enchant armour
Potions
 d - a potion of berserk rage
 f - 5 potions of heal wounds
 g - a potion of haste
 h - 4 potions of magic
 i - 5 potions of curing
 q - a potion of mutation


   Skills:
 + Level 12.1 Fighting
 + Level 12.9 Maces & Flails
 + Level 12.8 Armour
 + Level 4.3 Dodging
 + Level 6.5 Stealth
 + Level 11.1 Shields
 + Level 3.0 Evocations


You had 9 spell levels left.
You didn't know any spells.
Your spell library was empty.

Dungeon Overview and Level Annotations

Branches:
Dungeon (1/1)

Altars:
Cheibriados
Dithmenos
Elyvilon
Fedhas
Gozag
Hepliaklqana
Kikubaaqudgha
Makhleb
Nemelex Xobeh
Okawaru
Qazlal
Ru
Sif Muna
Trog
Uskayaw
Vehumet
Wu Jian
Xom
Yredelemnul
Zin
The Shining One
Beogh
Jiyva
Lugonu


Innate Abilities, Weirdness & Mutations

You are immune to sickness and miasma.
Your stone body is resilient. (AC +7)
You are immune to poison.
You resist negative energy. (rN+)
You are resistant to electric shocks. (rElec)
You are resistant to unholy torment.
You are immune to petrification.


Message History

You are too injured to fight recklessly!
You are too injured to fight recklessly!
You are too injured to fight recklessly!
You are too injured to fight recklessly!
You are too injured to fight recklessly!
You are too injured to fight recklessly!
You are too injured to fight recklessly!
You are too injured to fight recklessly!
You are too injured to fight recklessly!
You are too injured to fight recklessly!
You are too injured to fight recklessly!
You are too injured to fight recklessly!
You are too injured to fight recklessly!
You are too injured to fight recklessly!
Unknown command.
You feel much better.
The black mamba bites you but does no damage.
You block the blink frog's attack. The black mamba bites you.
The blink frog barely misses you.
You barely miss the blink frog. The black mamba barely misses you.
The blink frog blinks!
You block the black mamba's attack.
You barely miss the blink frog.
The blink frog hits you but does no damage.
The black mamba bites you!
Unknown command.
You closely miss the blink frog. The black mamba completely misses you.
The blink frog barely misses you. The black mamba bites you!
You hit the blink frog.
The blink frog is lightly wounded.
The blink frog closely misses you. You block the black mamba's attack.
The blink frog blinks!
You impale the blink frog!!
The blink frog is severely wounded.
The black mamba bites you!
* * * LOW HITPOINT WARNING * * *
The blink frog hits you!
* * * LOW HITPOINT WARNING * * *
The black mamba bites you.
You die...
Your body crumbles into a pile of gold.

▓▓▓▓▓▓▓▓▓▓▓▓▓▓▓▓▓▓▓▓▓▓▓▓▓▓▓▓▓▓▓▓▓
[...)..'________________________'
▓▓▓▓▓▓▓▓▓▓▓▓▓▓▓▓▓▓▓▓▓▓▓▓▓▓▓▓▓▓▓▓▓
.................................
▓▓▓▓▓▓▓▓▓▓▓▓▓▓▓▓▓▓▓▓▓▓▓▓▓▓▓▓▓▓▓▓▓
..SkhkS@F.........'.....
▓▓▓▓▓▓▓▓▓▓▓▓▓▓▓▓▓▓▓▓▓▓▓▓ $


$$$$$ $$$$$$$$$$$$ $$$$$$$$$$$ You could see a polar bear, 2 black mambas, a
blink frog and 2 rime drakes.

Vanquished Creatures
  A centaur warrior (D)
  A gargoyle (D)
  2 cane toads (D)
  2 komodo dragons (D)
  A troll (D)
  2 dream sheep (D)
  A wraith (D)
  A yak (D)
  A basilisk (D)
  2 water moccasins (D)
  An ice beast (D)
  2 orc warriors (D)
  A centaur (D)
  A phantom (D)
  2 bullfrogs (D)
  A howler monkey (D)
  An orc wizard (D)
  An adder (D)
  An orc (D)
  A hobgoblin (D)
  A ball python zombie (D)
  2 kobolds (D)
  2 rats (D)
31 creatures vanquished.

Vanquished Creatures (others)
  An ugly thing (D)
  2 gargoyles (D)
3 creatures vanquished.

Grand Total: 34 creatures vanquished

Notes
Turn   | Place    | Note
-------+----------+-------------------------------------------
     0 | D        | mhtbhm the Gargoyle Fighter began the quest for the Orb.
     0 | D        | Reached XP level 1. HP: 14/14 MP: 1/1
   101 | D        | Noticed a phantom
   101 | D        | Noticed an ice beast
   101 | D        | Noticed an orc wizard
   106 | D        | Killed an orc wizard
   107 | D        | Reached XP level 2. HP: 20/20 MP: 2/2
   107 | D        | Reached XP level 3. HP: 24/24 MP: 3/3
   112 | D        | Reached skill level 5 in Fighting
   112 | D        | Reached skill level 5 in Armour
   122 | D        | Killed an ice beast
   123 | D        | Reached XP level 4. HP: 28/32 MP: 4/4
   123 | D        | Reached XP level 5. HP: 32/37 MP: 5/5
   148 | D        | Killed a phantom
   149 | D        | Reached skill level 5 in Maces & Flails
   152 | D        | Found a snail-covered altar of Cheibriados.
   152 | D        | Found a shadowy altar of Dithmenos.
   152 | D        | Found a white marble altar of Elyvilon.
   152 | D        | Found a blossoming altar of Fedhas.
   152 | D        | Found an opulent altar of Gozag.
   153 | D        | Found a hazy altar of Hepliaklqana.
   154 | D        | Found a viscous altar of Jiyva.
   155 | D        | Found an ancient bone altar of Kikubaaqudgha.
   156 | D        | Found a corrupted altar of Lugonu.
   157 | D        | Found a burning altar of Makhleb.
   158 | D        | Found a sparkling altar of Nemelex Xobeh.
   159 | D        | Found an iron altar of Okawaru.
   160 | D        | Found a stormy altar of Qazlal.
   161 | D        | Found a sacrificial altar of Ru.
   162 | D        | Found a shimmering blue altar of Sif Muna.
   163 | D        | Found a bloodstained altar of Trog.
   164 | D        | Found a hide-covered altar of Uskayaw.
   165 | D        | Found a radiant altar of Vehumet.
   166 | D        | Found an ornate altar of the Wu Jian Council.
   167 | D        | Found a shimmering altar of Xom.
   176 | D        | Became a worshipper of Gozag Ym Sagoz the Greedy
   185 | D        | Found a basalt altar of Yredelemnul.
   186 | D        | Found a glowing silver altar of Zin.
   187 | D        | Found a glowing golden altar of the Shining One.
   453 | D        | Noticed an orc warrior
   453 | D        | Noticed a centaur
   453 | D        | Noticed an orc warrior
   453 | D        | Noticed a troll
   460 | D        | Killed a troll
   461 | D        | Reached skill level 1 in Dodging
   461 | D        | Reached skill level 1 in Stealth
   461 | D        | Reached XP level 6. HP: 34/45 MP: 6/6
   463 | D        | Reached XP level 7. HP: 38/50 MP: 7/7
   468 | D        | Reached skill level 10 in Armour
   488 | D        | Noticed a wraith
   488 | D        | Noticed a purple ugly thing
   488 | D        | Noticed a gargoyle
   488 | D        | Noticed a centaur warrior
   488 | D        | Noticed a gargoyle
   488 | D        | Noticed a gargoyle
   490 | D        | Killed a gargoyle
   491 | D        | Reached XP level 8. HP: 48/56 MP: 8/8
   491 | D        | Killed a gargoyle
   497 | D        | Killed a centaur warrior
   497 | D        | Killed a purple ugly thing
   498 | D        | Reached skill level 10 in Fighting
   498 | D        | Reached skill level 10 in Maces & Flails
   498 | D        | Reached skill level 1 in Evocations
   498 | D        | Reached XP level 9. HP: 35/63 MP: 9/9
   504 | D        | Killed a gargoyle
   505 | D        | Reached skill level 10 in Shields
   763 | D        | Noticed a komodo dragon
   763 | D        | Noticed a cane toad
   763 | D        | Noticed a komodo dragon
   777 | D        | Killed a komodo dragon
   778 | D        | Reached skill level 5 in Stealth
   780 | D        | Killed a cane toad
   784 | D        | Killed a komodo dragon
   794 | D        | Reached XP level 10. HP: 16/71 MP: 10/10
  1062 | D        | Noticed a black mamba
  1062 | D        | Noticed a cane toad
  1069 | D        | Killed a cane toad
  1070 | D        | Noticed a black mamba
  1094 | D        | HP: 3/71 [blink frog (9)]
  1094 | D        | Slain by a black mamba

Illustrated notes

Levels and vault maps discovered:
D:        linesprint [early_d, line_temple, items_1, d_10, items_2, lair_1,
          lair_end, items_3, orc_1, orc_end, items_4, d_15, swamp_1, shoals_1,
          snake_1, spider_1, d_20, vaults_1, items_5, swamp_end, shoals_end,
          snake_end, spider_end, vaults_end, d_27, items_6, zot_1, zot_end,
          crypt_end, forest_end, elf_end, slime_end, tomb_end, abyss_end,
          pan_hell_end]

Skill      XL: |  1  2  3  4  5  6  7  8  9 10 |
---------------+-------------------------------+-----
Fighting       | 4 6 8 9 10 11 12 | 12.1
Armour         | 4 6 9 10 11 12 | 12.8
Shields        | 4 6 7 8 9 10 11 | 11.1
Maces & Flails | 4 6 7 8 10 12 | 12.9
Dodging        | 1 2 3 4 |  4.3
Stealth        | 1 2 3 5 6 |  6.5
Evocations     | 1 2 3 |  3.0

Action                   |  1- 3 |  4- 6 |  7- 9 | 10-12 || total
-------------------------+-------+-------+-------+-------++-------
Melee: Flail             |    31 |    30 |    30 |       ||    91
       Morningstar       |       |       |    26 |    32 ||    58
Evoke: Wand              |       |     2 |     4 |       ||     6
  Use: Potion            |     2 |     3 |       |     1 ||     6
 Stab: Invisible         |       |     1 |     3 |       ||     4
       Distracted        |       |       |       |     1 ||     1
Armor: Scale mail        |    14 |    22 |    14 |    17 ||    67
Dodge: Dodged            |     7 |    17 |    21 |    15 ||    60
Block: Buckler           |     6 |    11 |    12 |     9 ||    38

Table legend: (Time is in decaauts)
 A = Elapsed time spent in this place.
 B = Non-inter-level travel time spent in this place.
 C = Inter-level travel time spent in this place.
 D = Time resting spent in this place.
 E = Time spent auto-exploring this place.
 F = Levels seen in this place.
 G = Mean time per level.
                   A        B        C        D        E       F      G
               +--------+--------+--------+--------+--------+-----+--------+
         Total |   1111 |   1111 |      0 |    634 |      0 |   1 | 1111.0 |
       Dungeon |   1111 |   1111 |      0 |    634 |      0 |   1 | 1111.0 |
               +--------+--------+--------+--------+--------+-----+--------+

Top non-repeatable levels by time:
       D: 1111 daAuts
